 Dungeon Crawl Stone Soup version 0.30-a0-358-g0d69a1922f (webtiles) character file.

Game seed: 8869717259784930329

21 Devinter the Insei (level 3, -1/27 HPs)
             Began as a Djinni Transmuter on Nov 11, 2022.
             Slain by an orc wizard
             ... wielding a +0 dagger
              (3 damage)
             ... on level 2 of the Dungeon.
             The game lasted 00:06:31 (689 turns).

Devinter the Insei (Djinni Transmuter)               Turns: 689, Time: 00:06:32

Health: -1/27      AC:  3    Str:  9    XL:     3   Next: 5%
Gold:   111        EV: 13    Int: 14    God:
                   SH:  0    Dex: 15

rFire   + + +      SeeInvis .    d - +0 short sword
rCold   x x .      Faith    .    l - orb {mayhem}
rNeg    . . .      Spirit   .    a - +0 robe
rPois   ∞          Reflect  .    (helmet currently unavailable)
rElec   .          Harm     .    o - +0 cloak
rCorr   .          Rampage  .    (no gloves)
Will    .....                    (boots unavailable)
Stlth   +.........               (no amulet)
HPRegen 0.24/turn                f - ring of fire
MPRegen 0.00/turn                (no ring)

@: confused, appendages (expiring), flying
A: horns 2, flying, sickness immunity, fire resistance 2, cold vulnerability 1,
float, innate caster, HP casting, extra vitality 1
a: End Transformation


You were on level 2 of the Dungeon.
You had temporarily grown beastly horns.
You visited 1 branch of the dungeon, and saw 2 of its levels.

You collected 111 gold pieces.

Inventory:

Hand Weapons
 d - a +0 short sword (weapon)
Armour
 a - a +0 robe (worn)
 l - an orb of mayhem (worn)
 o - a +0 cloak (worn)
Jewellery
 f - a ring of fire (left hand)
Scrolls
 c - a scroll of immolation {unknown}
 e - a scroll of identify {unknown}
 h - a scroll of enchant armour {unknown}
 i - a scroll of enchant weapon {unknown}
Potions
 b - a potion of lignification
 g - a potion of heal wounds {unknown}
 j - a potion of mutation {unknown}
 k - a potion of might {unknown}
 m - a potion of haste {unknown}
 n - a potion of attraction {unknown}


   Skills:
 - Level 1.0 Fighting
 + Level 3.0 Dodging
 - Level 3.0 Unarmed Combat
 + Level 2.1 Spellcasting


You couldn't memorise any spells.
You knew the following spells:

 Your Spells              Type           Power      Damage    Failure   Level
a - Beastly Appendage     Tmut           14%        N/A       10%         1
b - Magic Dart            Conj           28%        1d4       10%         1
c - Wereblood             Tmut           7%         N/A       14%         2
d - Spider Form           Tmut/Pois      7%         N/A       28%         3
e - Ice Form              Ice/Tmut       7%         N/A       67%         4
Your spell library was empty.

Dungeon Overview and Level Annotations

Branches:
Dungeon (2/15)

Altars:


Innate Abilities, Weirdness & Mutations

You have temporarily grown beastly horns.
You are flying.
You are immune to sickness and miasma.
You are immune to poison.
Your flesh is very heat resistant. (rF++)
You are vulnerable to cold. (rC-)
You float through the air rather than walking.
You learn spells naturally, not from books.
Your magical power is your life essence.
You have superior vitality. (+4 MHP)


Message History

The orc wizard misses you. The orc priest barely misses you.
The orc shouts!
You hit the orc priest but do no damage.
You headbutt the orc priest.
The orc priest is heavily wounded.
The orc wizard hits you with a +0 dagger.
The orc priest closely misses you.
You hit the orc priest but do no damage.
The orc priest is heavily wounded.
The orc wizard hits you with a +0 dagger.
The orc priest calls down the wrath of Beogh upon you.
Pain shoots through your body!
* * * LOW HITPOINT WARNING * * *
You hit the orc priest.
The orc priest is severely wounded.
The orc wizard casts a spell at you.
You are confused.
The orc priest hits you but does no damage.
You barely miss the orc priest.
You headbutt the orc priest, but do no damage.
The orc priest is severely wounded.
The orc wizard hits you but does no damage.
The orc priest closely misses you.
You closely miss the orc priest.
The orc priest is severely wounded.
Your transformation is almost over.
The orc wizard hits you with a +0 dagger.
* * * LOW HITPOINT WARNING * * *
The orc priest hits you with a +0 hand axe.
* * * LOW HITPOINT WARNING * * *
You hit the orc priest but do no damage.
You headbutt the orc priest.
The orc priest is almost dead.
The orc wizard hits you but does no damage.
The orc priest hits you with a +0 hand axe.
* * * LOW HITPOINT WARNING * * *
You hit the orc priest.
You kill the orc priest!
The orc wizard hits you with a +0 dagger.
You die...

#########
.........
....oo.o#######
.......o.......
..#######o####..
#.......@o.......
........#.#######
#######.#.# #.#.#
##.#.# #....#
#....# #....#
......#.#.#


You could see an orc wizard and 3 orcs.

Vanquished Creatures
  An orc priest (D:2)
  A dart slug (D:1)
  2 ball pythons (D:1)
  A hobgoblin (D:1)
  2 jackals (D:1)
  4 kobolds (D:1)
  2 quokkas (D:1)
  2 bats (D:1)
  A frilled lizard (D:1)
  4 rats (D:1)
20 creatures vanquished.

Vanquished Creatures (others)
  4 toadstools (D:1)
4 creatures vanquished.

Grand Total: 24 creatures vanquished

Notes
Turn   | Place    | Note
-------+----------+-------------------------------------------
     0 | D:1      | Devinter the Djinni Transmuter began the quest for the Orb.
     0 | D:1      | Devinter set off with the following spells memorised:
                  | Beastly Appendage, Wereblood, Spider Form, Ice Form.
     0 | D:1      | Reached XP level 1. HP: 17/17 MP: 0/0
   119 | D:1      | Reached XP level 2. HP: 22/22 MP: 0/0
   403 | D:1      | Reached skill level 2 in Spellcasting
   589 | D:1      | Reached skill level 3 in Dodging
   589 | D:1      | Reached XP level 3. HP: 24/27 MP: 0/0
   589 | D:1      | Learned a level 1 spell: Magic Dart
   688 | D:2      | HP: 1/27 [orc priest/+0 hand axe (3)]
   689 | D:2      | Slain by an orc wizard

Illustrated notes

Levels and vault maps discovered:
D:1:      ldierk_water_garden, layout_rooms, palyth_stone_intersect,
          minmay_pentomino_u2
D:2:      layout_basic

Skill      XL: |  1  2 |
---------------+-------+-----
Spellcasting   | 2 |  2.1
Dodging        | 3 |  3.0
Fighting       | |  1.0
Unarmed Combat | |  3.0

Action                   || total
-------------------------++-------
Melee: Unarmed           ||    61
       Headbutt          ||    12
       Punch             ||     1
       Short sword       ||    25
 Cast: Beastly Appendage ||    11
Armor: Robe              ||    22
Dodge: Dodged            ||    43

Table legend: (Time is in decaauts)
 A = Elapsed time spent in this place.
 B = Non-inter-level travel time spent in this place.
 C = Inter-level travel time spent in this place.
 D = Time resting spent in this place.
 E = Time spent auto-exploring this place.
 F = Levels seen in this place.
 G = Mean time per level.
                   A        B        C        D        E       F      G
               +--------+--------+--------+--------+--------+-----+--------+
         Total |    684 |    655 |     29 |    109 |     97 |   2 |  342.0 |
       Dungeon |    684 |    655 |     29 |    109 |     97 |   2 |  342.0 |
               +--------+--------+--------+--------+--------+-----+--------+

Top non-repeatable levels by time:
     D:1: 652 daAuts
     D:2: 31 daAuts
